Map: Torches LE

Players

herO - Winner!

  • Race: Protoss Protoss
  • Spawn Location: 5:00

Rogue

  • Race: Zerg Zerg
  • Spawn Location: 1:00

Event: DreamHack Dallas 2025

VOD

Have the link to the VOD?

Description

Time

  • Played on: May 24, 2025, 3:56 p.m.
  • Length: 14:12

All games in this series

Show
View Real Time Build Order
Export as new Build Order

herO Protoss - Winner!

Build Orders: 1 Gate Expand, Oracle Opening 

Get SALT Encoding   

  12  0:00  Probe  
  13  0:13  Probe  
  13  0:14  Pylon  
  14  0:22  Probe  
  15  0:31  Probe  
  16  0:43  Gateway, Probe  
  16  0:49  Assimilator  
  17  0:55  Probe  
  18  1:08  Probe  
  19  1:20  Probe  
  20  1:27  Nexus  
  20  1:37  Cybernetics Core  
  20  1:40  Probe  
  21  1:47  Assimilator  
  21  1:52  Probe  
  22  1:56  Pylon  
  22  2:04  Probe, Adept  
  25  2:16  Probe  
  25  2:20  Stargate  
  26  2:26  Warp Gate  
  26  2:29  Probe  
  27  2:34  Adept  
  27  2:35  Probe  
  29  2:41  Probe  
  29  2:43  Probe  
  32  2:53  Probe  
  32  2:54  Oracle, Probe  
  39  3:06  Probe  
  39  3:07  Probe  
  41  3:13  Pylon  
  41  3:18  Probe  
  41  3:19  Probe  
  43  3:21  Oracle  
  41  3:30  Probe  
  41  3:31  Probe  
  46  3:40  Nexus  
  46  3:44  Pylon  
  46  3:45  Probe  
  46  3:47  Probe  
  48  3:49  Oracle  
  48  3:58  Probe  
  48  3:59  Probe  
  53  4:03  Assimilator  
  53  4:05  Assimilator  
  53  4:13  Probe x2  
  55  4:25  Probe x2  
  55  4:29  Twilight Council  
  55  4:30  Forge  
  55  4:36  Gateway  
  55  4:37  Gateway, Probe x2  
  57  4:49  Probe x2  
  57  4:50  Gateway, Protoss Ground Weapons Level 1  
  57  4:52  Probe  
  59  4:55  Adept  
  59  4:58  Blink  
  59  4:59  Shield Battery  
  62  5:00  Probe  
  62  5:01  Probe  
  62  5:02  Probe  
  65  5:11  Probe  
  65  5:13  Pylon, Probe  
  65  5:14  Probe  
  68  5:19  Probe  
  68  5:20  Gateway  
  68  5:21  Gateway  
  68  5:26  Probe x2  
  68  5:27  Probe  
  71  5:32  Stalker x2  
  71  5:34  Stalker  
  78  5:38  Probe x2  
  78  5:41  Probe  
  81  5:43  Pylon  
  81  5:46  Pylon  
  81  5:50  Probe x2  
  81  5:51  Assimilator x2  
  81  5:53  Probe  
  81  5:55  Gateway  
  84  6:01  Stalker  
  84  6:02  Stalker x2  
  90  6:04  Pylon  
  90  6:05  Probe  
  91  6:15  Templar Archives  
  91  6:17  Pylon, Probe  
  92  6:21  Stalker x2  
  96  6:26  Stalker x2  
  96  6:31  Photon Cannon  
  100  6:35  Stalker x2  
  104  6:45  Stalker x2  
  108  6:47  Protoss Ground Armor Level 1  
  108  6:57  Pylon  
  108  6:58  Psionic Storm  
  108  7:03  Forge  
  108  7:05  Pylon x2  
  108  7:08  Pylon  
  108  7:09  Shield Battery  
  106  7:16  Nexus  
  106  7:18  Pylon  
  104  7:25  Stalker x5  
  104  7:26  Stalker  
  116  7:32  Stalker  
  116  7:33  Probe  
  116  7:34  Probe x2  
  120  7:41  Protoss Ground Weapons Level 2  
  118  7:50  Fleet Beacon  
  117  7:56  High Templar x2  
  117  7:57  Photon Cannon  
  117  7:58  Stargate  
  121  7:59  Probe x3  
  121  8:04  Photon Cannon  
  124  8:06  Shield Battery  
  124  8:09  High Templar  
  124  8:11  Probe x2  
  124  8:12  Probe, Assimilator  
  129  8:18  High Templar, Zealot  
  129  8:19  Zealot  
  135  8:23  Probe, Tempest  
  140  8:37  Pylon  
  140  8:44  Stalker  
  140  8:45  Zealot x2  
  128  8:49  Pylon x2  
  128  8:53  Pylon  
  128  8:54  Tempest  
  128  8:55  Pylon x2, Charge  
  112  8:59  Probe x3  
  115  9:04  Pylon  
  115  9:09  Probe  
  120  9:11  Probe x2  
  120  9:12  Probe  
  123  9:17  Sentry  
  123  9:18  Zealot x2  
  123  9:21  Probe  
  123  9:23  Zealot x2  
  130  9:31  Tempest  
  130  9:33  Zealot x2  
  130  9:37  Tempest  
  139  9:43  Stalker x4  
  139  9:44  Probe  
  144  9:50  Probe x2  
  140  9:54  Stalker x2  
  144  10:03  Archon  
  144  10:04  Stalker  
  144  10:07  Probe x4  
  136  10:11  Stalker x4  
  144  10:21  Pylon  
  144  10:22  Mothership  
  144  10:23  Zealot x2  
  144  10:28  Photon Cannon  
  156  10:36  Nexus  
  156  10:38  Pylon  
  156  10:40  Shield Battery  
  156  10:43  Photon Cannon  
  156  10:53  Protoss Ground Weapons Level 3, High Templar x2  
  156  10:54  Zealot  
  156  10:55  Zealot x4  
  170  11:02  Tempest  
  170  11:03  Tempest  
  172  11:09  Protoss Shields Level 1  
  172  11:10  Photon Cannon x2  
  172  11:21  Assimilator  
  172  11:23  Photon Cannon  
  172  11:25  Assimilator, Photon Cannon  
  172  11:32  Photon Cannon  
  172  11:36  Robotics Facility  
  172  11:38  Zealot x4  
  180  11:47  High Templar x2  
  180  11:48  Zealot  
  186  11:54  Protoss Air Weapons Level 1  
  170  12:04  Tempest  
  170  12:05  Tempest  
  170  12:08  Zealot x5  
  178  12:25  Archon  
  178  12:27  Zealot x2  
  148  12:31  Zealot x5  
  143  12:41  Tempest  
  143  12:42  Tempest  
  139  12:44  Immortal  
  139  12:50  High Templar x2  
  151  12:53  Gateway x2  
  151  12:54  Gateway  
  151  12:56  Nexus  
  151  12:57  Gateway  
  151  12:58  Pylon, High Templar  
  155  13:00  Zealot x3  
  163  13:06  Zealot  
  165  13:15  Gateway  
  165  13:17  Tempest x2  
  155  13:29  Stalker x4  
  155  13:33  Zealot x2  
  157  13:45  Stalker  
  159  13:49  Probe x4  
  159  13:53  Stalker x2, High Templar x2  
  175  14:02  Zealot x4  
Show
View Real Time Build Order
Export as new Build Order

Rogue Zerg 

Build Orders: Hatch First 

Get SALT Encoding   

  12  0:00  Drone  
  13  0:07  Drone  
  14  0:14  Extractor  
  14  0:15  Drone  
  15  0:21  Overlord  
  15  0:41  Drone  
  15  0:42  Drone  
  17  0:52  Drone, Hatchery  
  17  0:57  Drone  
  18  1:07  Extractor  
  17  1:12  Spawning Pool  
  17  1:15  Drone  
  17  1:19  Drone  
  18  1:26  Drone  
  19  1:37  Drone  
  20  1:49  Overlord  
  20  2:02  Zergling x2  
  20  2:04  Queen x2  
  20  2:05  Zergling x2  
  26  2:11  Metabolic Boost  
  26  2:15  Drone  
  27  2:17  Drone  
  29  2:22  Drone  
  29  2:26  Drone  
  30  2:31  Drone  
  31  2:42  Queen  
  31  2:43  Zergling x2  
  34  2:52  Hatchery  
  34  2:56  Overlord  
  34  2:58  Drone  
  34  3:01  Drone  
  34  3:03  Drone  
  36  3:08  Overlord  
  36  3:15  Queen  
  36  3:17  Drone  
  36  3:19  Drone  
  40  3:20  Drone  
  40  3:22  Drone  
  40  3:25  Drone  
  43  3:28  Spore Crawler  
  43  3:32  Drone  
  43  3:35  Drone  
  43  3:36  Drone  
  43  3:37  Drone  
  46  3:41  Spore Crawler  
  46  3:42  Drone  
  46  3:45  Drone x2  
  49  3:48  Drone  
  49  3:51  Overlord  
  49  3:52  Drone  
  50  3:56  Overlord  
  50  3:59  Drone  
  50  4:00  Overlord  
  51  4:03  Drone  
  51  4:04  Drone  
  53  4:10  Queen  
  53  4:13  Drone  
  53  4:15  Drone x2  
  57  4:20  Spore Crawler  
  54  4:24  Drone  
  54  4:25  Drone x3  
  54  4:27  Drone  
  54  4:31  Drone x2  
  60  4:35  Evolution Chamber  
  60  4:37  Drone x2  
  61  4:41  Zergling x4  
  61  4:43  Drone  
  64  4:47  Drone  
  64  4:48  Drone  
  64  4:50  Extractor  
  63  4:54  Drone  
  63  4:56  Drone  
  63  4:59  Overlord  
  65  5:01  Zerg Melee Weapons Level 1, Hatchery  
  65  5:04  Drone x2, Extractor  
  65  5:05  Drone  
  65  5:06  Drone  
  67  5:10  Queen  
  69  5:15  Zergling x2  
  69  5:16  Zergling x8  
  69  5:20  Lair  
  74  5:21  Drone  
  74  5:24  Drone x3  
  74  5:26  Drone  
  79  5:28  Drone  
  79  5:30  Drone x3  
  79  5:31  Drone  
  79  5:33  Drone  
  79  5:35  Drone x2, Extractor  
  84  5:36  Extractor  
  84  5:39  Overlord  
  84  5:42  Overlord  
  85  5:44  Drone  
  86  5:51  Baneling Nest, Overlord  
  86  5:52  Overlord  
  86  5:55  Drone x3  
  88  5:57  Drone, Overlord  
  88  6:00  Drone x3  
  88  6:03  Drone  
  93  6:04  Drone  
  93  6:07  Drone  
  93  6:08  Drone x2  
  97  6:15  Zergling x4  
  97  6:16  Queen  
  101  6:19  Overseer  
  101  6:22  Hydralisk Den  
  101  6:24  Overlord  
  100  6:26  Spore Crawler  
  99  6:33  Overlord  
  99  6:34  Overlord  
  99  6:36  Overseer  
  99  6:39  Overlord  
  99  6:40  Centrifugal Hooks  
  99  6:43  Drone  
  99  6:44  Evolution Chamber  
  99  6:52  Hydralisk x10, Grooved Spines  
  118  6:55  Hydralisk x2  
  118  6:59  Zergling x2  
  118  7:00  Zergling x6  
  118  7:01  Hydralisk  
  126  7:05  Zergling x2  
  126  7:09  Zergling x2  
  126  7:11  Hydralisk x2  
  126  7:12  Hydralisk x2  
  126  7:15  Zergling x8  
  138  7:17  Zergling x4  
  138  7:20  Hydralisk  
  142  7:23  Hydralisk  
  142  7:25  Zergling x4  
  144  7:30  Hydralisk  
  144  7:32  Zergling x14  
  144  7:34  Drone  
  152  7:40  Drone  
  152  7:42  Muscular Augments  
  152  7:43  Zergling x4  
  151  7:44  Overlord  
  151  7:46  Overlord  
  151  7:47  Overlord  
  150  7:53  Extractor  
  150  7:54  Overlord  
  150  7:55  Overlord  
  149  8:00  Baneling x9  
  149  8:01  Overlord  
  149  8:03  Overlord  
  148  8:09  Zergling x14  
  148  8:11  Baneling x7  
  154  8:15  Zergling x4  
  154  8:16  Zergling x8  
  154  8:18  Zerg Missile Weapons Level 1  
  159  8:21  Overseer  
  159  8:23  Zergling x2  
  155  8:27  Zergling x10  
  155  8:31  Zergling x2  
  155  8:32  Zergling x8, Hatchery  
  163  8:35  Zergling x2  
  163  8:40  Zergling x2  
  163  8:41  Hydralisk x5  
  155  8:46  Zergling x2  
  155  8:47  Zergling x10  
  164  8:52  Zergling x2  
  160  8:56  Zergling x4  
  160  8:59  Zerg Melee Weapons Level 2  
  160  9:01  Baneling x9  
  159  9:06  Zergling x2  
  159  9:07  Zergling x16  
  168  9:10  Zergling x2  
  168  9:12  Overlord  
  168  9:14  Zergling x2  
  170  9:17  Zergling x2  
  170  9:18  Zergling x4  
  170  9:21  Zergling x2, Spire  
  171  9:24  Zergling x2  
  171  9:25  Zergling x6  
  171  9:30  Baneling x8  
  171  9:31  Baneling x3  
  175  9:33  Zergling x2  
  175  9:34  Zergling x6  
  175  9:37  Zergling x2  
  177  9:42  Zergling x8  
  177  9:43  Zergling x14  
  177  9:44  Zergling x2  
  176  9:47  Drone  
  176  9:50  Drone  
  171  9:53  Drone x2  
  171  9:54  Drone  
  171  9:55  Drone  
  171  9:56  Drone x2  
  171  9:58  Drone x2  
  165  10:03  Hydralisk x4  
  165  10:05  Zergling x2  
  165  10:06  Zergling x4  
  151  10:09  Hydralisk x2  
  151  10:11  Hydralisk  
  143  10:17  Drone  
  141  10:24  Pneumatized Carapace  
  137  10:29  Infestation Pit  
  137  10:31  Hydralisk x6  
  137  10:32  Hydralisk x3  
  137  10:34  Hydralisk  
  148  10:42  Zerg Flyer Weapons Level 1  
  147  10:43  Zergling x20  
  147  10:45  Zergling x6  
  147  10:49  Hydralisk x2  
  164  10:53  Zergling x2  
  164  10:54  Zergling x6  
  164  10:56  Zergling x4  
  164  10:57  Zergling x2  
  169  10:59  Hydralisk x3  
  169  11:01  Hydralisk  
  169  11:02  Hydralisk  
  166  11:09  Baneling x4  
  166  11:10  Zergling x6  
  167  11:11  Zergling x4  
  167  11:12  Zergling x6  
  170  11:20  Extractor  
  170  11:21  Extractor  
  170  11:22  Overseer  
  167  11:26  Drone x6  
  167  11:27  Drone x3  
  176  11:35  Zergling x4  
  178  11:41  Zerg Missile Weapons Level 2  
  178  11:42  Zerg Ground Armor Level 1  
  178  11:43  Hive  
  178  11:44  Zergling x16  
  178  11:45  Zergling x6  
  189  11:51  Spine Crawler  
  189  11:52  Drone  
  188  11:56  Overlord  
  177  12:01  Corruptor x4  
  177  12:03  Overlord  
  177  12:06  Corruptor  
  187  12:09  Zergling x14  
  187  12:10  Corruptor  
  187  12:11  Overseer  
  192  12:16  Corruptor  
  192  12:21  Corruptor  
  184  12:23  Corruptor  
  184  12:25  Zergling x4  
  184  12:26  Zergling x20  
  184  12:28  Corruptor  
  184  12:29  Zergling x4  
  174  12:31  Hydralisk  
  174  12:33  Hydralisk  
  174  12:36  Hydralisk  
  148  12:41  Hydralisk x2  
  149  12:44  Hydralisk x2  
  149  12:46  Zergling x2  
  154  12:52  Baneling x6  
  154  12:56  Hydralisk  
  154  12:57  Hydralisk  
  154  12:58  Hatchery  
  151  13:01  Zergling x16  
  151  13:02  Corruptor  
  161  13:07  Hydralisk x2  
  161  13:11  Hydralisk x2  
  169  13:15  Zergling x2  
  169  13:16  Zergling x6  
  160  13:20  Hydralisk x4  
  160  13:21  Zergling x2  
  160  13:22  Zergling x2  
  160  13:23  Zergling x2  
  160  13:24  Zergling x2  
  160  13:26  Zergling x4  
  160  13:27  Zergling x2  
  164  13:29  Hydralisk  
  164  13:30  Hydralisk  
  163  13:38  Zergling x2  
  157  13:45  Hydralisk, Overseer x3  
  157  13:46  Hydralisk x5  
  157  13:48  Zergling x8  
  158  13:50  Zergling x4  
  158  13:51  Zergling x4  
  158  13:53  Zergling x2  
Tags
 
Add a new tag
Caveats
  • Supply blocks, unpowered buildings, or Contaminate may cause inaccurate times.
  • Supply counts are checked every 10 seconds.